Map: Disco Bloodbath LE

Players

Clem

  • Race: Terran Terran
  • League: Master
  • Spawn Location: 9:00

llllllllllll (Stats) - Winner!

  • Race: Protoss Protoss
  • League: Master
  • Spawn Location: 3:00

Event: HomeStory Cup XX

VOD

Have the link to the VOD?

Description

Time

  • Played on: Nov. 22, 2019, 5:54 a.m.
  • Length: 12:04

All games in this series

Show
View Real Time Build Order
Export as new Build Order

Clem Terran 

Build Orders: Reaper Expand 

Get SALT Encoding   

  12  0:00  SCV  
  13  0:12  SCV  
  14  0:16  Supply Depot  
  14  0:25  SCV  
  15  0:38  SCV  
  15  0:39  Barracks  
  16  0:44  Refinery  
  16  0:50  SCV  
  17  1:02  SCV  
  18  1:14  SCV  
  19  1:27  Orbital Command, Reaper  
  20  1:39  Command Center  
  20  1:48  Supply Depot  
  20  1:52  SCV  
  21  1:58  Marine  
  22  2:04  SCV  
  23  2:08  Factory  
  23  2:17  Refinery, SCV  
  23  2:21  Barracks Reactor  
  24  2:29  SCV  
  25  2:41  SCV  
  26  2:51  Orbital Command  
  26  2:52  Starport  
  26  2:53  SCV  
  26  2:58  Marine x2, Widow Mine  
  30  3:05  SCV  
  32  3:07  Barracks  
  32  3:16  Marine x2, SCV  
  32  3:17  SCV  
  32  3:19  Widow Mine  
  38  3:23  Supply Depot  
  38  3:28  SCV  
  38  3:29  Medivac, SCV  
  42  3:35  Marine x2  
  42  3:39  Engineering Bay  
  44  3:42  SCV x2  
  44  3:44  Factory Tech Lab  
  46  3:49  Supply Depot  
  46  3:53  Marine x2  
  46  3:54  SCV x2  
  49  4:04  Refinery  
  49  4:06  SCV  
  49  4:07  Marine, Stimpack  
  51  4:10  Barracks  
  51  4:14  Terran Infantry Weapons Level 1  
  51  4:15  SCV  
  51  4:16  Marine  
  53  4:19  SCV  
  54  4:24  Supply Depot  
  54  4:27  SCV  
  55  4:31  Bunker, SCV  
  55  4:35  Marauder  
  55  4:36  Factory Reactor  
  58  4:39  Starport Reactor, SCV  
  58  4:43  SCV  
  60  4:48  Marine x2  
  60  4:51  SCV  
  59  4:55  SCV  
  59  4:56  Supply Depot  
  59  4:58  Barracks Tech Lab  
  59  4:59  Marauder  
  62  5:02  Refinery  
  62  5:03  SCV  
  62  5:05  Missile Turret  
  62  5:06  Missile Turret  
  63  5:07  SCV  
  63  5:09  Marine x2  
  63  5:13  Widow Mine x2  
  68  5:15  SCV  
  68  5:18  Medivac x2  
  68  5:21  Marine x2  
  74  5:23  Combat Shield  
  74  5:27  Marine, SCV x2  
  75  5:35  Widow Mine  
  77  5:39  Supply Depot, SCV  
  77  5:42  Supply Depot  
  78  5:55  SCV  
  78  5:56  Marine, Supply Depot  
  78  5:58  Marine  
  78  5:59  SCV  
  78  6:01  Widow Mine x2, Marauder x2  
  86  6:07  Concussive Shells  
  86  6:10  Command Center, SCV  
  86  6:11  SCV  
  88  6:14  Medivac  
  90  6:19  Marine x2  
  90  6:22  Widow Mine, Marauder, SCV  
  90  6:23  Widow Mine  
  92  6:26  Marine  
  92  6:28  Medivac  
  95  6:35  Supply Depot  
  95  6:38  Marine x2  
  93  6:43  Marauder  
  93  6:46  Barracks x2  
  95  6:49  Starport  
  95  6:50  Terran Infantry Armor Level 1  
  95  6:56  Marauder  
  95  7:00  Supply Depot  
  97  7:04  Viking  
  97  7:05  Marauder  
  97  7:06  Viking  
  103  7:11  SCV  
  103  7:12  Supply Depot, SCV  
  105  7:20  Marine x2  
  105  7:21  Marauder  
  110  7:22  SCV  
  110  7:26  Viking  
  110  7:29  Viking  
  114  7:32  SCV x2  
  114  7:35  Barracks Tech Lab, Barracks Reactor  
  111  7:44  Viking  
  111  7:45  SCV  
  111  7:48  Marine x2  
  111  7:49  Marauder  
  118  7:52  Marauder  
  118  7:56  Marauder  
  118  7:57  SCV  
  118  7:59  Orbital Command  
  118  8:01  SCV  
  118  8:05  Viking  
  121  8:07  Viking  
  121  8:11  Marauder, Viking  
  121  8:14  SCV x2  
  121  8:17  Armory  
  121  8:19  Engineering Bay  
  123  8:22  Medivac  
  123  8:23  Marine  
  123  8:24  Marine  
  127  8:27  Supply Depot  
  127  8:30  SCV  
  127  8:31  SCV x2  
  130  8:36  Refinery, Viking  
  130  8:37  Refinery  
  130  8:40  Ghost Academy  
  132  8:43  SCV  
  132  8:44  Marine x3  
  132  8:48  Viking  
  138  8:52  Viking  
  138  8:53  SCV  
  141  8:56  SCV x2  
  141  8:58  Supply Depot  
  141  9:02  Marauder x2  
  146  9:04  Marine, Marauder  
  149  9:14  Terran Infantry Weapons Level 2  
  149  9:15  Terran Infantry Armor Level 2  
  149  9:16  Marine  
  149  9:19  Marine x2  
  149  9:22  Marine, Ghost x2  
  156  9:30  Supply Depot x2  
  156  9:32  Ghost  
  156  9:34  Marine  
  156  9:37  Marine x2  
  161  9:39  Marine  
  161  9:40  Liberator  
  161  9:43  Command Center  
  161  9:45  Enhanced Shockwaves  
  161  9:49  Missile Turret  
  161  9:50  SCV x3  
  161  9:51  Marine  
  164  9:56  Marauder  
  164  9:58  Liberator  
  164  9:59  Marine  
  168  10:02  SCV  
  167  10:08  Supply Depot, Ghost, Missile Turret  
  168  10:18  Liberator  
  168  10:19  Supply Depot  
  168  10:20  Marine x4  
  175  10:22  Marauder x2  
  178  10:29  Barracks  
  178  10:32  Barracks  
  178  10:38  Liberator  
  172  10:43  Marine x3  
  172  10:45  Marauder  
  176  10:55  Marauder x2, Liberator  
  174  11:01  SCV x3  
  174  11:02  SCV  
  174  11:03  Marine  
  174  11:04  Marine x3  
  167  11:06  Marauder  
  145  11:13  SCV  
  145  11:17  Marauder x2  
  137  11:18  SCV  
  137  11:19  SCV x2  
  134  11:28  Marauder, Medivac  
  134  11:29  Marine x3  
  130  11:33  SCV  
  130  11:37  Marine  
  130  11:38  Marauder x2, SCV x2  
  121  11:45  SCV  
Show
View Real Time Build Order
Export as new Build Order

llllllllllll Protoss - Winner!

Build Orders: 1 Gate Expand, Phoenix Opening, Colossus Rush 

Get SALT Encoding   

  12  0:00  Probe  
  13  0:12  Probe  
  14  0:17  Pylon  
  14  0:24  Probe  
  15  0:32  Probe  
  15  0:36  Gateway  
  15  0:40  Probe  
  16  0:47  Assimilator  
  17  0:51  Probe  
  18  1:03  Probe  
  19  1:15  Probe  
  20  1:22  Nexus  
  20  1:31  Cybernetics Core  
  20  1:34  Probe  
  20  1:39  Assimilator  
  21  1:47  Probe  
  22  1:50  Pylon  
  22  1:58  Adept  
  22  1:59  Probe  
  25  2:11  Probe  
  25  2:14  Stargate  
  26  2:18  Adept  
  26  2:22  Warp Gate  
  26  2:23  Probe  
  29  2:30  Probe  
  29  2:35  Probe  
  31  2:38  Probe  
  32  2:47  Probe x2  
  32  2:51  Adept  
  36  2:58  Phoenix  
  36  2:59  Probe  
  36  3:00  Probe  
  40  3:11  Probe  
  40  3:12  Probe  
  42  3:16  Phoenix  
  42  3:18  Pylon  
  42  3:26  Probe x2  
  46  3:38  Probe x2  
  48  3:41  Phoenix  
  48  3:42  Pylon  
  48  3:45  Robotics Facility  
  50  3:50  Probe  
  50  3:51  Probe  
  50  3:52  Assimilator  
  50  3:53  Assimilator  
  52  3:58  Phoenix  
  52  4:03  Probe x2  
  52  4:07  Gateway  
  56  4:15  Probe x2  
  58  4:21  Phoenix  
  60  4:27  Pylon, Probe  
  60  4:28  Gateway  
  60  4:30  Observer  
  61  4:49  Probe x2  
  61  4:52  Nexus  
  63  4:55  Pylon  
  63  4:57  Robotics Bay  
  63  5:04  Probe x2  
  63  5:06  Observer  
  66  5:15  Pylon  
  66  5:16  Probe x2  
  68  5:26  Colossus  
  68  5:28  Probe x2  
  68  5:30  Sentry  
  68  5:35  Gateway  
  72  5:36  Gateway  
  72  5:37  Forge  
  72  5:41  Gateway  
  72  5:47  Sentry x2  
  72  5:48  Protoss Ground Weapons Level 1  
  82  5:53  Shield Battery  
  82  5:54  Shield Battery  
  82  6:00  Stalker  
  82  6:03  Extended Thermal Lance  
  84  6:06  Probe  
  84  6:07  Probe x2  
  87  6:14  Stalker x2  
  91  6:19  Observer  
  87  6:26  Stalker  
  87  6:29  Probe  
  87  6:30  Pylon, Probe x2, Colossus  
  87  6:32  Pylon  
  92  6:43  Observer  
  92  6:44  Probe  
  93  6:48  Probe x2  
  93  6:52  Sentry, Zealot x3  
  109  6:58  Pylon  
  109  6:59  Pylon  
  109  7:01  Pylon  
  109  7:02  Pylon  
  109  7:16  Assimilator, Colossus  
  109  7:19  Assimilator  
  109  7:23  Twilight Council  
  115  7:34  Stalker  
  115  7:35  Stalker x3  
  115  7:36  Protoss Ground Armor Level 1  
  121  7:37  Zealot  
  122  7:56  Probe  
  122  7:57  Probe x2  
  124  7:59  Charge  
  124  8:00  Stalker x3  
  124  8:02  Warp Prism  
  124  8:05  Gravitic Drive  
  130  8:06  Zealot  
  130  8:10  Probe x3  
  135  8:19  Gateway  
  137  8:21  Gateway x2  
  137  8:28  Photon Cannon  
  137  8:30  Observer  
  137  8:34  Robotics Facility  
  137  8:42  Forge  
  137  8:44  Zealot x2  
  137  8:46  Nexus  
  137  8:47  Pylon  
  141  8:51  Pylon  
  141  8:59  Protoss Ground Weapons Level 2  
  141  9:10  Zealot x2  
  141  9:11  Zealot x2  
  141  9:13  Pylon, Dark Shrine  
  141  9:15  Disruptor  
  152  9:18  Pylon, Probe  
  153  9:28  Blink  
  153  9:29  Probe x2  
  153  9:30  Disruptor, Probe  
  159  9:43  Dark Shrine  
  159  9:44  Probe x3  
  162  9:50  Disruptor  
  161  10:04  Probe x2  
  161  10:05  Probe x2  
  161  10:06  Disruptor  
  164  10:10  Zealot x4  
  172  10:17  Pylon  
  170  10:23  Shadow Stride, Pylon  
  170  10:26  Disruptor  
  171  10:29  Zealot x4  
  177  10:50  Zealot x8  
  189  10:59  Disruptor  
  189  11:02  Disruptor  
  165  11:11  Zealot x8  
  140  11:37  Stalker  
  140  11:38  Stalker x7  
  144  11:58  Gateway  
  144  11:59  Gateway  
  144  12:01  Gateway  
  142  12:02  Stalker x8, Gateway  
Tags
 
Add a new tag
Caveats
  • Supply blocks, unpowered buildings, or Contaminate may cause inaccurate times.
  • Supply counts are checked every 10 seconds.